 Dungeon Crawl Stone Soup version 0.28-b1-25-g9875b3fc8c (webtiles) character file.

Game seed: 14699381994640264817

32241 bleachchugger the Severer (level 13, 0/119 HPs)
             Began as a Minotaur Berserker on Feb 3, 2022.
             Was a High Priest of Trog.
             Slain by a basilisk (4 damage)
             ... while petrified by a basilisk
             ... on level 6 of the Lair of Beasts.
             The game lasted 01:01:27 (16138 turns).

bleachchugger the Severer (Minotaur Berserker)     Turns: 16138, Time: 01:01:27

Health: 0/119      AC:  1    Str: 25    XL:     13   Next: 30%
Magic:  4/4        EV:  2    Int: 12    God:    Trog [*****.]
Gold:   1206       SH:  0    Dex: 15    Spells: 12/12 levels left

rFire   + . .      SeeInvis .   T - +2 morningstar (antimagic)
rCold   . . .      Faith    .   m - +0 tower shield
rNeg    + + +      Spirit   .   f - +0 plate armour
rPois   ∞          Reflect  .   (helmet restricted)
rElec   .          Harm     .   (no cloak)
rCorr   .          Rampage  .   b - +2 pair of gloves "Esyaris" {Int+4}
Will    .....                   r - +0 pair of boots
Stlth   ..........              F - amulet of Xedit Jee {Regen+ Int+4 Dex+3}
HPRegen 1.09/turn               J - ring of protection from fire
MPRegen 0.09/turn               j - ring of poison resistance

@: petrified, corroded
A: horns 2, retaliatory headbutt
a: Renounce Religion, Berserk, Trog's Hand, Brothers in Arms


You were on level 6 of the Lair of Beasts.
You worshipped Trog.
Trog was extremely pleased with you.
You visited 2 branches of the dungeon, and saw 16 of its levels.
You also visited: Ossuary.

You collected 1206 gold pieces.

Inventory:

Hand Weapons
 k - a +0 dire flail
 D - a +0 war axe
 T - a +2 antimagic morningstar (weapon)
Missiles
 t - 13 boomerangs
Armour
 b - the +2 pair of gloves "Esyaris" (worn) {Int+4}
   (You found it on level 10 of the Dungeon)

   Int:       It affects your intelligence (+4).
 f - a +0 plate armour (worn)
 m - a +0 tower shield (worn)
 r - a +0 pair of boots (worn)
Jewellery
 g - a ring of fire
 j - a ring of poison resistance (right hand)
 v - a ring of poison resistance
 F - the amulet of Xedit Jee (around neck) {Regen+ Int+4 Dex+3}
   (You took it off an orc on level 7 of the Dungeon)

   [amulet of regeneration]

   Int:       It affects your intelligence (+4).
   Dex:       It affects your dexterity (+3).
   Regen:     It increases your rate of health regeneration.
 J - a ring of protection from fire (left hand)
 K - a ring of positive energy
 P - an amulet of regeneration
 Q - a ring of protection from cold
Wands
 a - a wand of paralysis (9)
 n - a wand of digging (9)
 p - a wand of acid (5) (quivered)
 M - a wand of iceblast (2)
 O - a wand of charming (8)
 R - a wand of mindburst (5)
Scrolls
 c - 4 scrolls of identify
 i - a scroll of blinking
 s - 2 scrolls of fear
 u - 4 scrolls of teleportation
 x - 3 scrolls of magic mapping
 y - 2 scrolls of enchant weapon
 z - a scroll of brand weapon {unknown}
 C - 2 scrolls of fog
 G - a scroll of silence {unknown}
 H - 2 scrolls of enchant armour
 I - 3 scrolls of immolation
 L - 3 scrolls of holy word
 N - a scroll of torment {unknown}
Potions
 d - 2 potions of flight
 e - 2 potions of mutation
 h - 2 potions of resistance {unknown}
 l - 2 potions of degeneration
 o - a potion of brilliance
 q - 5 potions of might
 w - a potion of invisibility {unknown}
 A - 3 potions of ambrosia
 B - 4 potions of haste
 E - 3 potions of curing
 S - a potion of heal wounds


   Skills:
 + Level 12.5 Fighting
 + Level 16.9 Axes
 + Level 0.5 Throwing
 + Level 14.2 Armour
 + Level 5.0 Dodging
 - Level 1.0 Stealth
 * Level 8.3 Shields
 - Level 0.6 Unarmed Combat
 * Level 4.2 Evocations


You had 12 spell levels left.
You didn't know any spells.
Your spell library was empty.

Dungeon Overview and Level Annotations

Branches:
Dungeon (10/15)            Temple (0/1) D:4            Lair (6/6) D:10
 Shoals (0/4) Lair:3       Spider (0/4) Lair:3        Slime (0/5) Lair:6
    Orc (0/2) D:9         Ossuary (visited)

Altars:
Ashenzari
Cheibriados
Dithmenos
Elyvilon
Gozag
Makhleb
Nemelex Xobeh
Trog
Uskayaw
Vehumet
Yredelemnul

Shops:
D:3 *:((*

Annotations:
D:10 2 transporters, exclusion: obsidian statue, crazypyro's ghost, novice MiFi


Innate Abilities, Weirdness & Mutations

You have a pair of horns on your head.
You reflexively headbutt those who attack you in melee.


Message History

You have turned to stone.
The jelly hits you.
You are splashed with acid.
The basilisk bites you.
* * * LOW HITPOINT WARNING * * *
The jelly hits you.
* * * LOW HITPOINT WARNING * * *
You are splashed with acid!
* * * LOW HITPOINT WARNING * * *
The jelly hits you.
* * * LOW HITPOINT WARNING * * *
You are splashed with acid!
* * * LOW HITPOINT WARNING * * *
The basilisk bites you but does no damage.
The jelly hits you but does no damage. The jelly barely misses you.
The basilisk bites you.
* * * LOW HITPOINT WARNING * * *
The jelly hits you.
You are splashed with acid!
* * * LOW HITPOINT WARNING * * *
The jelly hits you but does no damage.
The basilisk bites you but does no damage.
The jelly hits you.
* * * LOW HITPOINT WARNING * * *
You are splashed with acid!
* * * LOW HITPOINT WARNING * * *
The jelly hits you but does no damage. The basilisk bites you!
* * * LOW HITPOINT WARNING * * *
The jelly hits you but does no damage. The jelly hits you.
The acid corrodes you!
You are splashed with acid.
* * * LOW HITPOINT WARNING * * *
The basilisk gazes at you.
You easily resist.
The jelly hits you but does no damage. The jelly hits you but does no damage.
The basilisk bites you.
* * * LOW HITPOINT WARNING * * *
The jelly hits you.
* * * LOW HITPOINT WARNING * * *
You are splashed with acid!
* * * LOW HITPOINT WARNING * * *
The jelly hits you.
You are splashed with acid!
* * * LOW HITPOINT WARNING * * *
The basilisk bites you!
You die...

## #. ###..#.
..#... .....
## #### P..#
.##... ###..#
.#..# . #....#
...#...
#..@###....#.#
##JJlJ...>....
#.[#.#......#
#...#.#.....#
##..#..#..#..#
#....#..#.# ##
##..##....#
#.........
#.....P.#..


You could see a basilisk and 3 jellies.

Vanquished Creatures
  A hydra (Lair:5)
  2 centaur warriors
  A catoblepas (Lair:6)
  3 two-headed ogres (D:10)
  2 death yaks (D:10)
  A cyclops (D:8)
  5 elephants (Lair:4)
  A black mamba (Lair:4)
  4 cane toads
  A torpor snail (Lair:5)
  An unseen horror (D:10)
  3 komodo dragons
  A rime drake (Lair:2)
  3 trolls
  A polar bear (Lair:1)
  6 dream sheep (Lair:4)
  10 blink frogs
  A shadow (D:10)
  A spriggan (Lair:2)
  2 wyverns
  49 yaks
  A steam dragon (D:9)
  A redback (Lair:3)
  3 basilisks
  An acid dragon (D:7)
  11 water moccasins
  2 orc warriors
  An ice beast (D:7)
  A black bear (D:7)
  A necrophage (D:8)
  3 ogres
  4 sky beasts (D:7)
  7 centaurs
  9 wolves
  A lemure (D:7)
  A phantom (D:5)
  2 kobold brigands
  15 bullfrogs
  4 scorpions
  2 elf zombies (Ossuary)
  A wyvern skeleton (D:6)
  2 water moccasin skeletons
  5 killer bees
  A wight (D:7)
  3 howler monkeys
  4 centaur zombies
  5 hounds
  10 jellies
  4 orc priests (D:9)
  2 bullfrog skeletons
  Natasha (thrice) (D:2)
  3 iguanas
  Terence (D:2)
  9 orc wizards
  A scorpion zombie (D:5)
  A killer bee zombie (D:7)
  5 mummies
  4 hound zombies
  2 hound skeletons (D:4)
  A howler monkey skeleton (D:6)
  8 adders
  A river rat (D:5)
  4 shadow imps
  2 white imps
  2 adder zombies
  3 worms
  A dart slug (D:2)
  26 orcs
  9 ball pythons
  4 bats (D:1)
  6 endoplasms
  8 giant cockroaches
  6 goblins
  6 hobgoblins
  6 jackals
  20 kobolds
  2 quokkas
  4 frilled lizards
  2 gnoll zombies (Ossuary)
  A goblin zombie (D:5)
  2 hobgoblin zombies (Ossuary)
  A jackal zombie (Ossuary)
  A kobold zombie (Ossuary)
  2 orc zombies
  2 rats
  A rat zombie (Ossuary)
366 creatures vanquished.

Vanquished Creatures (collateral kills)
  A hydra (D:10)
  A death yak (D:10)
  Pikel (D:7)
  4 yaks (D:10)
  A kobold brigand (D:7)
  3 lemures (D:7)
  A jelly (D:7)
  An orc (D:7)
13 creatures vanquished.

Vanquished Creatures (others)
  A bullfrog (D:9)
  A bush (Lair:4)
  23 fungi
  18 plants
43 creatures vanquished.

Grand Total: 422 creatures vanquished

Notes
Turn   | Place    | Note
-------+----------+-------------------------------------------
     0 | D:1      | bleachchugger the Minotaur Berserker began the quest for
                  | the Orb.
     0 | D:1      | Reached XP level 1. HP: 19/19 MP: 0/0
   319 | D:1      | Reached XP level 2. HP: 21/27 MP: 1/1
   828 | D:1      | Found a faded altar of an unknown god.
  1087 | D:2      | Reached skill level 4 in Axes
  1090 | D:2      | Reached ** piety under Trog
  1195 | D:2      | Reached XP level 3. HP: 33/33 MP: 2/2
  1407 | D:2      | Noticed Terence
  1419 | D:2      | Killed Terence
  1491 | D:2      | Reached XP level 4. HP: 40/40 MP: 3/3
  1536 | D:2      | Found a bloodstained altar of Trog.
  1541 | D:2      | Noticed Natasha
  1614 | D:2      | Killed Natasha
  1615 | D:2      | Reached skill level 1 in Stealth
  1838 | D:2      | Noticed Natasha
  1878 | D:2      | Killed Natasha
  1879 | D:2      | Reached skill level 5 in Axes
  1957 | D:2      | Noticed Natasha
  2015 | D:2      | Killed Natasha
  2016 | D:2      | Reached XP level 5. HP: 30/47 MP: 4/4
  2417 | D:3      | Found Koodyriu's Weapon Emporium.
  2417 | D:3      | Found Wifegh's Book Shop.
  2552 | D:3      | Found a radiant altar of Vehumet.
  2574 | D:3      | Found Fiasuawa's Weapon Shop.
  2617 | D:3      | Found Ziruc's Assorted Antiques.
  2846 | D:3      | Found Erhipn's Assorted Antiques.
  2888 | D:3      | Noticed an ogre
  2899 | D:3      | Killed an ogre
  2900 | D:3      | Reached skill level 6 in Axes
  2900 | D:3      | Reached XP level 6. HP: 39/55 MP: 5/5
  3022 | D:3      | Found a basalt altar of Yredelemnul.
  3532 | D:4      | Found an opulent altar of Gozag.
  3660 | D:4      | Reached skill level 5 in Fighting
  3680 | D:4      | Found a staircase to the Ecumenical Temple.
  3874 | D:4      | Reached *** piety under Trog
  3934 | D:4      | Reached skill level 7 in Axes
  3934 | D:4      | Reached XP level 7. HP: 48/61 MP: 6/6
  4283 | D:5      | Entered Level 5 of the Dungeon
  4298 | D:5      | Reached skill level 5 in Armour
  4557 | D:5      | Found a sand-covered staircase.
  4568 | Ossuary  | Entered an ossuary
  4574 | Ossuary  | Reached skill level 8 in Axes
  4602 | Ossuary  | Reached XP level 8. HP: 31/70 MP: 7/7
  5553 | D:6      | Reached skill level 9 in Axes
  5595 | D:6      | Found a bloodstained altar of Trog.
  6282 | D:7      | Reached skill level 10 in Axes
  6282 | D:7      | Reached XP level 9. HP: 58/79 MP: 8/8
  6307 | D:7      | Reached **** piety under Trog
  6524 | D:7      | Noticed Pikel
  6542 | D:7      | Reached skill level 11 in Axes
  6542 | D:7      | Killed Pikel
  7001 | D:7      | Reached skill level 12 in Axes
  7039 | D:7      | Identified the amulet of Xedit Jee {Regen+ Int+4 Dex+3}
  7086 | D:7      | Noticed a centaur warrior
  7086 | D:7      | Noticed a troll
  7095 | D:7      | Killed a centaur warrior
  7096 | D:7      | Reached XP level 10. HP: 49/88 MP: 9/9
  7551 | D:7      | Found a sparkling altar of Nemelex Xobeh.
  7744 | D:8      | Found a white marble altar of Elyvilon.
  7801 | D:8      | Reached skill level 13 in Axes
  7832 | D:8      | Found a broken altar of Ashenzari.
  8062 | D:8      | Found a burning altar of Makhleb.
  8064 | D:8      | Noticed a cyclops
  8091 | D:8      | Killed a cyclops
  8439 | D:9      | Reached skill level 14 in Axes
  8440 | D:9      | Found a staircase to the Orcish Mines.
  8472 | D:9      | Reached ***** piety under Trog
  8587 | D:9      | Reached skill level 10 in Armour
  8868 | D:10     | Entered Level 10 of the Dungeon
  8873 | D:10     | Noticed a death yak
  8874 | D:10     | Noticed a death yak
  8885 | D:10     | Noticed a death yak
  8886 | D:10     | Killed a death yak
  8887 | D:10     | Reached XP level 11. HP: 58/97 MP: 10/10
  8893 | D:10     | Killed a death yak
  8894 | D:10     | Reached skill level 15 in Axes
  8908 | D:10     | Killed a death yak
  8909 | D:10     | Reached skill level 10 in Fighting
  8979 | D:10     | Found a shadowy altar of Dithmenos.
  9015 | D:10     | Noticed a two-headed ogre
  9025 | D:10     | Killed a two-headed ogre
  9109 | D:10     | Noticed a two-headed ogre
  9120 | D:10     | Killed a two-headed ogre
  9294 | D:10     | Found a staircase to the Lair.
  9307 | D:10     | Found a transporter.
  9317 | D:10     | Noticed an ogre mage
  9317 | D:10     | Noticed crazypyro's ghost (novice MiFi)
  9317 | D:10     | Noticed a storm dragon
  9318 | D:10     | Found a transporter.
  9356 | D:10     | Noticed a two-headed ogre
  9363 | D:10     | Killed a two-headed ogre
  9393 | D:10     | Identified the +2 pair of gloves "Esyaris" {Int+4}
  9417 | D:10     | Noticed a centaur warrior
  9419 | D:10     | Found a snail-covered altar of Cheibriados.
  9421 | D:10     | Found a hide-covered altar of Uskayaw.
  9427 | D:10     | Reached skill level 16 in Axes
  9428 | D:10     | Killed a centaur warrior
  9912 | D:10     | Noticed an obsidian statue
 10771 | Lair:1   | Entered Level 1 of the Lair of Beasts
 10835 | Lair:1   | Noticed a six-headed hydra
 11037 | D:10     | Killed a seven-headed hydra
 11443 | Lair:1   | Reached XP level 12. HP: 106/110 MP: 11/11
 11623 | Lair:1   | Reached skill level 1 in Evocations
 11640 | Lair:1   | Reached skill level 1 in Shields
 11642 | Lair:1   | Reached skill level 5 in Dodging
 13403 | Lair:3   | Found a staircase to the Shoals.
 13624 | Lair:3   | Found a hole to the Spider Nest.
 13950 | Lair:4   | Reached skill level 5 in Shields
 14599 | Lair:4   | Reached XP level 13. HP: 98/118 MP: 12/12
 15717 | Lair:5   | Received a gift from Trog
 16059 | Lair:6   | Entered Level 6 of the Lair of Beasts
 16059 | Lair:6   | Found a staircase to the Slime Pits.
 16064 | Lair:6   | Identified the -2 helmet "Iteo" {Harm rPois rF+}
 16138 | Lair:6   | HP: 4/119 [acid (5)]
 16138 | Lair:6   | Slain by a basilisk

Illustrated notes

Levels and vault maps discovered:
D:1:      minmay_arrival_four_houses, layout_rooms, basic_ecumenical_altar
D:2:      layout_basic, basic_altar, uniq_terence, uniq_natasha
D:3:      layout_rooms, nicolae_yredelemnul_corpse_copse, vehumet_altar_wand_db,
          serial_shops, nicolae_lakefront_shop, shop,
          nicolae_shop_advertising_works [nicolae_subvault_shop_adworks], shop,
          shop, minmay_statues_item, serial_bayou_lake_a
D:4:      layout_basic, mainiacjoe_overflow_tiny_flanked,
          minmay_temple_entry_overgrown
D:5:      layout_loops_ring, nicolae_ossuary_entry_giza, gup_sewer_entry_spiral
D:6:      layout_rooms, lemuel_crystal_altar, minmay_puff
D:7:      layout_basic, mainiacjoe_overflow_24_doors, nzn_random_ring,
          uniq_pikel
D:8:      layout_rooms, mainiacjoe_overflow_surrounded_room,
          evilmike_ruin_ashenzari, mainiacjoe_overflow_boulevard
D:9:      layout_basic, david_orc_3
D:10:     layout_layer_cave, mainiacjoe_overflow_alcove_2, jmf_multi_god_temple,
          dpeg_lair_monsters, gammafunk_ghost_arena, minmay_protected_statue
Lair:1:   layout_cave_pods
Lair:2:   layout_regular_city, wad_woods_03, infiniplex_staircase_pool
Lair:3:   layout_cave_pods, minmay_shoals_entry_centaurs, spider_nest_entry_webs
Lair:4:   layout_loops_ring, grunt_megastairs_4, serial_bayou_shore_a
Lair:5:   hellmonk_ruined_rings, layout_cave_pods
Lair:6:   hangedman_lair_in_review, layout_long_grid,
          minmay_slime_entry_jelly_boxes, nicolae_quartered_pool_impasse

Skill      XL: |  1  2  3  4  5  6  7  8  9 10 11 12 13 |
---------------+----------------------------------------+-----
Fighting       | 4 5 6 7 8 9 11 12 | 12.5
Axes           | 4 5 6 7 8 10 12 14 16 | 16.9
Armour         | 3 4 6 7 9 10 12 13 14 | 14.2
Stealth        | 1 |  1.0
Dodging        | 3 4 5 |  5.0
Evocations     | 3 4 |  4.2
Shields        | 7 8 |  8.3
Throwing       | |  0.5
Unarmed Combat | |  0.6

Action                   |  1- 3 |  4- 6 |  7- 9 | 10-12 | 13-15 || total
-------------------------+-------+-------+-------+-------+-------++-------
Melee: Hand axe          |    78 |   131 |   100 |       |       ||   309
       Headbutt          |     5 |    19 |    52 |   156 |    43 ||   275
       Unarmed           |       |    11 |       |       |       ||    11
       Punch             |       |     2 |     3 |     8 |       ||    13
       War axe           |       |       |   166 |   554 |    52 ||   772
       Whip              |       |       |    15 |       |       ||    15
       Morningstar       |       |       |       |       |    49 ||    49
       Dire flail        |       |       |       |       |    48 ||    48
Throw: Boomerang         |       |       |     1 |     3 |       ||     4
Invok: Berserk           |     1 |       |     1 |     1 |       ||     3
       Trog's Hand       |       |     3 |     4 |     3 |     2 ||    12
       Brothers in Arms  |       |       |     1 |     2 |       ||     3
Evoke: Wand              |       |       |       |    17 |     8 ||    25
  Use: Scroll            |       |     4 |     4 |    13 |       ||    21
       Potion            |       |       |     1 |     4 |       ||     5
Armor: Animal skin       |     7 |       |       |       |       ||     7
       Chain mail        |    20 |    63 |   180 |    31 |       ||   294
       Plate armour      |       |       |       |   361 |   127 ||   488
Dodge: Dodged            |    47 |    57 |   203 |   273 |    64 ||   644
Block: Tower shield      |       |       |       |   193 |   126 ||   319
